 Dungeon Crawl Stone Soup version 0.17.1-3-g152610e (webtiles) character file.

5178 stigbert the Basher (level 10, -6/91 HPs)
             Began as a Minotaur Berserker on Mar 11, 2016.
             Was an Elder of Trog.
             Killed from afar by an electric eel (12 damage)
             ... with a bolt of electricity
             ... on level 9 of the Dungeon.
             The game lasted 00:51:27 (6220 turns).

stigbert the Basher (Minotaur Berserker)            Turns: 6220, Time: 00:51:28

Health: -6/91      AC: 16    Str: 24    XL:     10   Next: 34%
Magic:  9/9        EV: 10    Int:  4    God:    Trog [****..]
Gold:   181        SH:  0    Dex: 11    Spells: 0 memorised, 9 levels left

rFire  . . .     SeeInvis .     W - +3 dire flail
rCold  . . .     Clarity  .     I - +0 plate armour
rNeg   . . .     SustAt   .     (shield currently unavailable)
rPois  .         Gourm    .     (helmet restricted)
rElec  .         Spirit   .     (no cloak)
rCorr  .         Warding  .     (no gloves)
rMut   .         Stasis   .     (no boots)
MR     .....                    R - amulet of rage
Stlth  ..........               l - +2 ring of protection
                                x - +3 ring of slaying

@: not resistant to hostile enchantments, extremely unstealthy
A: retaliatory headbutt, horns 2
a: Berserk, Trog's Hand, Brothers in Arms, Burn Spellbooks, Renounce Religion,
Evoke Berserk Rage


You were on level 9 of the Dungeon.
You worshipped Trog.
Trog was greatly pleased with you.
You were not hungry.

You visited 1 branch of the dungeon, and saw 9 of its levels.

You collected 328 gold pieces.
You spent 147 gold pieces at shops.

Inventory:

Hand Weapons
 a - a +0 mace
 v - a +2 flail of draining
 G - a -1 flail
 J - a +1 trident of pain
 L - a cursed -2 spear
 W - a +3 dire flail (weapon)
 Y - a cursed -3 spear
Missiles
 O - 6 exploding tomahawks (quivered)
Armour
 b - a +0 animal skin
 i - a +0 ring mail
 j - a +0 ring mail
 s - a +0 scale mail
 y - a +0 ring mail
 H - a +0 chain mail
 I - a +0 plate armour (worn)
 X - a +0 plate armour
Magical Staves
 o - an uncursed staff of conjuration {unknown}
Jewellery
 c - an uncursed ring of stealth {unknown}
 l - a +2 ring of protection (right hand)
 m - an uncursed ring of poison resistance
 x - a +3 ring of slaying (left hand)
 R - an amulet of rage (around neck)
Wands
 E - a wand of paralysis (12)
 U - a wand of heal wounds (5)
Scrolls
 d - a scroll of amnesia {unknown}
 e - 2 scrolls of enchant armour {unknown}
 g - 2 scrolls of recharging {unknown}
 h - 7 scrolls of identify {unknown}
 p - a scroll of enchant weapon
 r - 3 scrolls of remove curse
 u - a scroll of immolation {unknown}
 M - a scroll of fear {unknown}
Potions
 f - 4 potions of brilliance {unknown}
 k - 3 potions of berserk rage {unknown}
 n - 3 potions of magic {unknown}
 q - 3 potions of invisibility {unknown}
 t - 4 potions of heal wounds {unknown}
 w - a potion of ambrosia {unknown}
 A - 2 potions of poison {unknown}
 C - a potion of curing {unknown}
 F - a potion of haste {unknown}
 P - a potion of degeneration {unknown}
 S - 2 potions of agility {unknown}
Books
 N - a book of Clouds

   Spells                             Type                      Level
   a - Mephitic Cloud                 Conjuration/Poison/Air       3
   b - Conjure Flame                  Conjuration/Fire             3
   c - Poisonous Cloud                Conjuration/Poison/Air       6
   d - Freezing Cloud                 Conjuration/Ice/Air          6
   e - Ring of Flames                 Charms/Fire                  7
   Trog disapproves of the use of such an item.
 Q - a book of the Warp

   Spells                             Type                      Level
   a - Recall                         Summoning/Translocation      3
   b - Gell's Gravitas                Hexes/Translocation          3
   c - Force Lance                    Conjuration/Translocation    4
   d - Phase Shift                    Translocation                5
   e - Warp Weapon                    Charms/Translocation         5
   f - Summon Forest                  Summoning/Translocation      5
   Trog disapproves of the use of such an item.
Comestibles
 z - 2 fruits
 B - a royal jelly
 D - a meat ration
 K - a slice of pizza
 T - a bread ration
 V - 8 chunks of flesh


   Skills:
 + Level 9.2 Fighting
 + Level 10.8 Maces & Flails
 + Level 10.8 Armour
 - Level 6.8 Dodging
 - Level 0.1 Evocations


You had 9 spell levels left.
You didn't know any spells.

Dungeon Overview and Level Annotations

Branches:
Dungeon (9/15)             Temple (0/1) D:5
   Lair: D:8-11         Orc: D:9-12

Altars:
Qazlal

Shops:
D:4 ?   D:6 ?


Innate Abilities, Weirdness & Mutations

You reflexively headbutt those who attack you in melee.
You have a pair of horns on your head.


Message History

The electric eel shoots out a bolt of lightning at you!
The bolt of electricity hits you!
You see here a glowing spear.
Y - a glowing spear The electric eel shoots out a bolt of lightning at you!
The bolt of electricity hits you!
The electric eel shoots out a bolt of lightning at you!
The bolt of electricity hits you!
The electric eel shoots out a bolt of lightning at you!
The bolt of electricity hits you!
* * * LOW HITPOINT WARNING * * *
The electric eel shoots out a bolt of lightning at you!
The bolt of electricity hits you!
* * * LOW HITPOINT WARNING * * *
The electric eel shoots out a bolt of lightning at you!
The bolt of electricity hits you!
* * * LOW HITPOINT WARNING * * *
The electric eel shoots out a bolt of lightning at you!
The bolt of electricity hits you!
You die...

#≈≈...( #.........
#+#≈≈....# #.........
≈.≈≈≈....# #.........
........# #.........
≈≈≈....# #.........
#≈....## #........)
#≈.....##########'###
#≈........[..........
####≈..@..#####.........
≈≈≈≈≈.....# #.†.......
≈≈≈≈≈.....# #..)......
≈≈≈≈≈.....# #.........
≈≈≈≈;.....# #.........
≈≈≈≈;.....# #.........
≈≈≈≈;.....# ####......
≈≈≈≈≈.....# #........
≈≈≈≈≈.....# #........


You could see 3 electric eels.

Vanquished Creatures
  Pikel (D:7)
  A gargoyle (D:9)
  Grum (D:8)
  4 wolves (D:8)
  Edmund (D:4)
  An orc warrior (D:7)
  A black bear (D:6)
  A necrophage (D:8)
  2 sky beasts
  2 slaves (D:7)
  2 ice beasts
  4 ogres
  2 centaurs
  3 giant frogs
  15 big kobolds
  A gnoll sergeant (D:7)
  6 scorpions
  A water moccasin skeleton (D:7)
  3 wights
  A crimson imp (D:5)
  A jelly (D:6)
  2 giant frog zombies
  A giant frog skeleton (D:8)
  3 orc priests
  A quasit (D:7)
  3 hounds
  A gnoll shaman (D:7)
  3 orc wizards
  An iguana (D:7)
  A worker ant (D:6)
  A hound skeleton (D:7)
  A hound zombie (D:6)
  12 gnolls
  8 adders
  A shadow imp (D:7)
  2 oozes
  2 adder skeletons
  A worm (D:3)
  3 giant geckos
  13 orcs
  5 hobgoblins
  A ball python (D:3)
  6 bats
  4 giant cockroaches
  6 giant newts
  2 goblins
  8 jackals
  23 kobolds
  3 quokkas
  4 rats
176 creatures vanquished.

Vanquished Creatures (collateral kills)
  An orc (D:9)
1 creature vanquished.

Vanquished Creatures (others)
  A slave (D:7)
  A crimson imp (D:7)
  An orc priest (D:7)
  2 shadow imps (D:7)
  2 orcs (D:7)
  2 kobolds (D:7)
9 creatures vanquished.

Grand Total: 186 creatures vanquished

Notes
Turn   | Place    | Note
--------------------------------------------------------------
     0 | D:1      | stigbert the Minotaur Berserker began the quest for the Orb.
     0 | D:1      | Reached XP level 1. HP: 19/19 MP: 0/0
   317 | D:1      | Reached skill level 4 in Maces & Flails
   362 | D:1      | Reached XP level 2. HP: 22/27 MP: 1/1
   808 | D:3      | Reached XP level 3. HP: 12/33 MP: 2/2
   866 | D:3      | Reached ** piety under Trog
  1240 | D:4      | Found Silimiu's Magic Scroll Boutique.
  1245 | D:4      | Reached XP level 4. HP: 41/41 MP: 3/3
  1305 | D:4      | Noticed Edmund
  1321 | D:4      | Killed Edmund
  1321 | D:4      | Reached skill level 5 in Fighting
  1321 | D:4      | Reached skill level 5 in Maces & Flails
  1321 | D:4      | Reached XP level 5. HP: 45/48 MP: 4/4
  1509 | D:5      | Entered Level 5 of the Dungeon
  1525 | D:5      | Reached XP level 6. HP: 53/56 MP: 5/5
  1758 | D:5      | Found a staircase to the Ecumenical Temple.
  1975 | D:4      | Noticed an ogre
  1980 | D:4      | Killed an ogre
  1980 | D:4      | Reached skill level 6 in Maces & Flails
  2375 | D:4      | Bought a scroll of enchant weapon for 105 gold pieces
  2556 | D:6      | Reached XP level 7. HP: 62/62 MP: 6/6
  2659 | D:6      | Found Welep's Magic Scroll Shop.
  2807 | D:6      | Found a stormy altar of Qazlal.
  2884 | D:6      | Reached skill level 7 in Maces & Flails
  3193 | D:6      | Reached skill level 5 in Dodging
  3713 | D:7      | Reached skill level 5 in Armour
  3713 | D:7      | Reached XP level 8. HP: 45/71 MP: 7/7
  3769 | D:7      | Noticed Pikel
  3777 | D:7      | Killed Pikel
  3777 | D:7      | Reached skill level 8 in Maces & Flails
  3831 | D:7      | Reached *** piety under Trog
  3999 | D:4      | Bought a scroll of remove curse for 42 gold pieces
  4035 | D:5      | Noticed an ice beast
  4042 | D:5      | Killed an ice beast
  4295 | D:7      | Paralysed by an orc priest for 5 turns
  4304 | D:7      | Reached XP level 9. HP: 70/79 MP: 8/8
  4541 | D:7      | Reached skill level 9 in Maces & Flails
  4809 | D:7      | Reached **** piety under Trog
  5020 | D:7      | You fall through a shaft!
  5213 | D:8      | Noticed Grum
  5224 | D:8      | Killed Grum
  5303 | D:8      | Reached skill level 10 in Maces & Flails
  5832 | D:8      | Reached skill level 10 in Armour
  5838 | D:8      | Reached XP level 10. HP: 90/90 MP: 9/9
  5863 | D:8      | Reached ***** piety under Trog
  5863 | D:8      | Received a gift from Trog
  6220 | D:9      | Found a runed door.
  6220 | D:9      | Killed from afar by an electric eel

Action                   |  1- 3 |  4- 6 |  7- 9 | 10-12 || total
-------------------------+-------+-------+-------+-------++-------
Melee: Mace              |    56 |    12 |       |       ||    68
       Flail             |       |    33 |   173 |    46 ||   252
       Dire flail        |       |       |       |    25 ||    25
Invok: Berserk           |     1 |     2 |     9 |       ||    12
       Trog's Hand       |       |       |     1 |       ||     1
       Brothers in Arms  |       |       |       |     1 ||     1
 Abil: Evoke Berserk Rag |       |       |     2 |     1 ||     3
  Use: Scroll            |       |     1 |     1 |     2 ||     4
  Eat: Chunk             |     2 |     4 |     8 |     2 ||    16
       Beef jerky        |       |     1 |       |       ||     1
       Bread ration      |       |       |     3 |       ||     3
       Pizza             |       |       |       |     1 ||     1
